 Dungeon Crawl Stone Soup version 0.29.1-15-g9cfb28693d (webtiles) character file.

Game seed: 3923175250853899270

88 dmks the Digger (level 4, -2/31 (33) HPs)
             Began as a Draconian Earth Elementalist on Mar 4, 2023.
             Slain by Crazy Yiuf
             ... wielding a +2 quarterstaff of chaos
              (17 damage)
             ... on level 2 of the Dungeon.
             The game lasted 00:07:38 (2930 turns).

dmks the Digger (Draconian Earth Elementalist)      Turns: 2930, Time: 00:07:38

HP:   -2/31 (33)    AC:  5    Str: 11    XL:     4   Next: 30%
MP:   0/8           EV: 17    Int: 17    God:
Gold: 143           SH:  0    Dex: 11    Spells: 2/8 levels left

rFire   . . .      SeeInvis .   (no weapon)
rCold   . . .      Faith    .   (no shield)
rNeg    . . .      Spirit   .   (body armour unavailable)
rPois   .          Reflect  .   (helmet restricted)
rElec   .          Harm     .   (no cloak)
rCorr   .          Rampage  .   (no gloves)
Will    .....                   (no boots)
Stlth   ++........              (no amulet)
HPRegen 0.10/turn               (no ring)
MPRegen 0.11/turn               (no ring)

@: agile, drained
A: AC +5, unfitting armour, cold-blooded
a: no special abilities


You were on level 2 of the Dungeon.
You visited 1 branch of the dungeon, and saw 2 of its levels.

You collected 143 gold pieces.

Inventory:

Jewellery
 i - a +4 ring of slaying
Scrolls
 f - a scroll of fear {unknown}
 g - 2 scrolls of vulnerability
 j - 2 scrolls of identify {unknown}
 k - a scroll of magic mapping {unknown}
 l - a scroll of enchant armour {unknown}
Potions
 a - a potion of magic
 b - 2 potions of flight {unknown}
 c - 2 potions of curing {unknown}
 d - 2 potions of invisibility {unknown}
 e - a potion of ambrosia {unknown}
 h - a potion of heal wounds {unknown}


   Skills:
 + Level 2.0 Dodging
 + Level 2.0 Stealth
 + Level 0.2 Unarmed Combat
 * Level 2.8 Spellcasting
 - Level 1.0 Transmutations
 * Level 4.3 Earth Magic


You had 2 spell levels left.
You knew the following spells:

 Your Spells              Type           Power      Damage    Failure   Level
a - Sandblast             Erth           34%        2d9       3%          1
b - Passwall              Tmut/Erth      9%         N/A       9%          2
c - Stone Arrow           Conj/Erth      18%        3d8       22%         3

Your spell library contained the following spells:

 Spells                   Type           Power      Damage    Failure   Level
 Tukima's Dance           Hex            2%         N/A       47%         3
 Petrify                  Tmut/Erth      11%        N/A       52%         4
 Passage of Golubria      Tloc           2%         N/A       87%         4
 Yara's Violent Unravell  Hex/Tmut       2%         3d3       99%         5


Dungeon Overview and Level Annotations

Branches:
Dungeon (2/15)

Altars:
Fedhas

Annotations:
D:2 Crazy Yiuf


Innate Abilities, Weirdness & Mutations

Your plain brown scales are hard. (AC +5)
You cannot fit into any form of body armour.
You are cold-blooded and may be slowed by cold attacks.


Message History

The stone arrow hits Crazy Yiuf!
Crazy Yiuf is heavily wounded.
Casting: Stone Arrow (quite dangerous; 22% risk of failure)
Confirm with . or Enter, or press ? or * to list all spells.
You don't know that spell.
Casting: Stone Arrow (quite dangerous; 22% risk of failure)
Confirm with . or Enter, or press ? or * to list all spells.
Okay, then.
Casting: Stone Arrow (quite dangerous; 22% risk of failure)
Confirm with . or Enter, or press ? or * to list all spells.
The spell is quite dangerous to miscast (22% risk of failure)!
Continue anyway?
Aiming: Stone Arrow (quite dangerous; 22% risk of failure)
Press: ? - help, Shift-Dir - straight line, f/p - Crazy Yiuf
Aim: Crazy Yiuf, wielding a +2 quarterstaff of chaos and wearing a +0 cloak (heavily wounded, 69% to hit)
The stone arrow misses Crazy Yiuf.
Crazy Yiuf hits you with a +2 quarterstaff of chaos.
You feel agile all of a sudden.
Casting: Stone Arrow (quite dangerous; 22% risk of failure)
Confirm with . or Enter, or press ? or * to list all spells.
You don't have enough magic to cast this spell.
Casting: Stone Arrow (quite dangerous; 22% risk of failure)
Confirm with . or Enter, or press ? or * to list all spells.
Aiming: Sandblast (safe; 3% risk of failure)
Press: ? - help, Shift-Dir - straight line, f/p - Crazy Yiuf
Aim: Crazy Yiuf, wielding a +2 quarterstaff of chaos and wearing a +0 cloak (heavily wounded, 84% to hit)
The blast of sand hits Crazy Yiuf.
Crazy Yiuf is severely wounded.
Crazy Yiuf hits you with a +2 quarterstaff of chaos!
Casting: Sandblast (safe; 3% risk of failure)
Confirm with . or Enter, or press ? or * to list all spells.
Aiming: Sandblast (safe; 3% risk of failure)
Press: ? - help, Shift-Dir - straight line, f/p - Crazy Yiuf
Aim: Crazy Yiuf, wielding a +2 quarterstaff of chaos and wearing a +0 cloak (severely wounded, 84% to hit)
The blast of sand hits Crazy Yiuf.
Crazy Yiuf is almost dead.
Crazy Yiuf hits you with a +2 quarterstaff of chaos.
You feel drained.
Crazy Yiuf hits you with a +2 quarterstaff of chaos!
Ouch! That really hurt!
You die...

.....# #.#.#
#.##.#.# ######
#.#.# #.##.#.####
#.#.# #..#.#....#
#####
#########.## #..#
♣♣♣♣♣###.#
########## ###
♣♣♣.♣....#.#
##.......#
#...#♣..♣.......#
##.###.###
#...g@♣♣♣♣......#
...# #...#
#)..#♣♣ ♣♣....##
.#.###.### ###
♣♣#### .#.....#
.....#.###
.###...).# ###
.###.....###.#
.............#
.###.....###.#


You could see Crazy Yiuf.

Vanquished Creatures
  Terence (D:1)
  An adder (D:2)
  A dart slug (D:1)
  4 ball pythons
  4 bats
  5 endoplasms
  2 giant cockroaches (D:2)
  3 goblins
  4 hobgoblins (D:2)
  4 jackals (D:2)
  7 kobolds
  A quokka (D:2)
  3 frilled lizards
  4 rats
44 creatures vanquished.

Vanquished Creatures (others)
  A bat (D:2)
  6 plants (D:2)
7 creatures vanquished.

Grand Total: 51 creatures vanquished

Notes
Turn   | Place    | Note
-------+----------+-------------------------------------------
     0 | D:1      | dmks the Draconian Earth Elementalist began the quest for
                  | the Orb.
     0 | D:1      | Reached XP level 1. HP: 14/14 MP: 3/3
   432 | D:1      | Reached XP level 2. HP: 3/20 MP: 0/5
  1387 | D:2      | Found a blossoming altar of Fedhas.
  1392 | D:2      | Found a faded altar of an unknown god.
  1608 | D:2      | Reached XP level 3. HP: 26/26 MP: 4/6
  1839 | D:2      | Reached skill level 4 in Earth Magic
  2255 | D:2      | Found a runed translucent door.
  2256 | D:2      | Noticed Crazy Yiuf
  2474 | D:2      | Learned a level 2 spell: Passwall
  2569 | D:2      | Noticed Terence
  2607 | D:1      | Killed Terence
  2608 | D:1      | Reached XP level 4. HP: 14/33 MP: 0/8
  2926 | D:2      | Learned a level 3 spell: Stone Arrow
  2930 | D:2      | Slain by Crazy Yiuf

Illustrated notes

Levels and vault maps discovered:
D:1:      minmay_arrival_stone_box, layout_basic
D:2:      layout_loops_ring, basic_altar, basic_ecumenical_altar,
          serial_bayou_pond_a, uniq_crazy_yiuf_cottage, uniq_terence

Skill      XL: |  1  2  3 |
---------------+----------+-----
Earth Magic    | 4 |  4.3
Dodging        | 2 |  2.0
Stealth        | 2 |  2.0
Unarmed Combat | |  0.2
Spellcasting   | |  2.8
Transmutations | |  1.0

Action                   |  1- 3 |  4- 6 || total
-------------------------+-------+-------++-------
Melee: Unarmed           |    65 |       ||    65
       Tailslap          |     9 |       ||     9
 Cast: Sandblast         |    64 |     2 ||    66
       Stone Arrow       |       |     2 ||     2
  Use: Scroll            |     4 |       ||     4
 Stab: Sleeping          |     3 |       ||     3
Armor: Skin              |    44 |       ||    44
Dodge: Dodged            |    95 |       ||    95
